 BcadrenCrawl: Boulder Brew version 0.05.31-16-g17090fb0d7 (webtiles) character file.

Game seed: 9412649889326601490, levelgen mode: deterministic

146 varam the Skirmisher (level 5, -1/45 HPs) Centaur Fighter. Began on Sept 23, 2021. Slain by a sewer rat (6 damage) ... on level 2 of the Dungeon. The game lasted 00:03:20 (715 turns).

varam the Skirmisher (Centaur Fighter)               Turns: 715, Time: 00:03:21

Health: -1/45      AC:  6    Str: 20    XL:     5 ^: 171
Magic:  5/5        EV:  6    Int:  9    God:
Gold:   110        SH:  6    Dex:  9    Spells: 4/4 levels left

rFire    . . .     Vision   .   a - +0 long sword
rCold    . . .     Gourm    .   c - +0 heater shield
rNeg     . . .     Faith    .   b - +0 scale mail
rCorr    . . .     Spirit   .   (no helmet)
rPois    .         Reflect  .   (no cloak)
rElec    .         Harm     .   h - +0 pair of clawed gauntlets
MR       .....                  (no barding)
Stlth    ..........             (no amulet)
HPRegen  0.25/turn              (no ring)
MPRegen  0.15/turn              (no ring)

@: very quick
A: large, hooves, deformed body 1, speed 2, AC +3
a: no special abilities


You were on level 2 of the Dungeon.
You were not hungry.

You visited 1 branch of the dungeon, and saw 2 of its levels.

You collected 110 gold pieces.

Inventory:

Weapons
 a - a +0 long sword (weapon) Shields
 c - a +0 heater shield (shield)
Armour
 b - a +0 scale mail (worn)
 h - a +0 pair of clawed gauntlets (worn)
Jewellery
 k - an uncursed ring of slaying
Scrolls
 j - a scroll of enchantment
Potions
 d - a potion of might
 e - a potion of agility
 g - 2 potions of berserk rage
 i - 2 potions of brilliance
Comestibles
 f - 4 rations


   Skills:
 + Level 3.3 Fighting
 + Level 3.1 Long Blades
 + Level 2.9 Armour
 + Level 0.3 Dodging
 + Level 2.5 Shields


You had 4 spell levels left.
You didn't know any spells.
Your spell library was empty.

Dungeon Overview and Level Annotations

Branches:
Dungeon (2/8)

Altars:


Innate Abilities, Weirdness & Mutations

Your horsehide is resilient. (AC +3)
You have hooves in place of feet.
Armour fits poorly on your strangely shaped body.
You cover ground very quickly.


Message History

You hit the sewer rat (4).
You kill the sewer rat!
The sewer rat bites you but does no damage.
You hit the sewer rat but do no damage. You kick the sewer rat (1).
The sewer rat is lightly wounded. (9/10) HP The sewer rat bites you but does no damage.
You block the sewer rat's attack.
You hit the sewer rat (5).
The sewer rat is heavily wounded. (5/10) HP The sewer rat bites you but does no damage.
You hit the sewer rat (2). You kick the sewer rat (1).
The sewer rat is almost dead. (2/10) HP The sewer rat closely misses you (0).
You riposte.
Your shield prevents you from hitting the sewer rat.
The sewer rat blocks your attack.
The sewer rat bites you but does no damage.
You hit the sewer rat but do no damage.
The sewer rat is severely wounded. (3/10) HP You block the sewer rat's attack.
The sewer rat bites you (6).
You die...

#≈....# #.....#
##≈...≈#
##.....≈#
#≈......#
##.....<.#
###≈......≈#
#≈.≈.......#
###.....@.≈#
##≈...†r≈#
#....†..#
##≈....≈#
##.....# #≈††!.#
# #....≈# ...
##....≈#
.%...####≈.....#


You could see a sewer rat.

Vanquished Creatures
  A jelly (D:2)
  3 giant cockroaches (D:1)
  4 sewer rats (D:2)
  2 cinder newts (D:2)
  An ooze (D:1)
  A leopard gecko (D:1)
  5 goblins (D:1)
  A hobgoblin (D:1)
  6 kobolds (D:1)
  A rat (D:1)
25 creatures vanquished.

Vanquished Creatures (others)
  8 withered plants (D:2)
8 creatures vanquished.

Grand Total: 33 creatures vanquished

Notes
Turn   | Place    | Note
-------+----------+-------------------------------------------
     0 | D:1      | varam the Centaur Fighter began the quest for the Orb.
     0 | D:1      | Reached XP level 1. HP: 18/18 MP: 1/1
   128 | D:1      | Reached XP level 2. HP: 12/25 MP: 2/2
   203 | D:1      | Reached XP level 3. HP: 19/31 MP: 3/3
   451 | D:1      | Reached XP level 4. HP: 38/38 MP: 4/4
   698 | D:2      | Reached XP level 5. HP: 21/45 MP: 5/5
   715 | D:2      | Slain by a sewer rat

Levels and vault maps discovered:
D:1:      dpeg_arrival_orchard, layout_loops_ring
D:2:      layout_sewer, elyvilon_niche, first_ration, serial_shops,
          kennysheep_mini_moat, kennysheep_mini, shop, shop

Skill      XL: |  1  2  3  4 |
---------------+-------------+-----
Long Blades    | 2 3 |  3.1
Fighting       | 3 |  3.3
Armour         | |  2.9
Dodging        | |  0.3
Shields        | |  2.5

Action                   |  1- 3 |  4- 6 || total
-------------------------+-------+-------++-------
Melee: Long sword        |    51 |    45 ||    96
       Kick              |     1 |     8 ||     9
Armor: Scale mail        |    22 |    30 ||    52
Dodge: Dodged            |     9 |    11 ||    20
Block: Heater shield     |    12 |    19 ||    31
       Rpst.: Long sword |     3 |     6 ||     9
